 Dungeon Crawl Stone Soup version 0.30-a0-852-g08b95dd62f (webtiles) character file.

Game seed: 1397916361933043313

204 BubbleThief the Insei (level 5, -8/39 HPs)
             Began as a Merfolk Transmuter on Mar 5, 2023.
             Mangled by Crazy Yiuf
             ... wielding a +3 quarterstaff of chaos
              (10 damage)
             ... on level 3 of the Dungeon.
             The game lasted 00:03:49 (3281 turns).

BubbleThief the Insei (Merfolk Transmuter)          Turns: 3281, Time: 00:03:49

Health: -8/39      AC:  3    Str: 13    XL:     5   Next: 82%
Magic:  6/9        EV: 13    Int: 12    God:
Gold:   120        SH:  0    Dex: 14    Spells: 6/9 levels left

rFire   . . .      SeeInvis .      - Unarmed
rCold   . . .      Faith    .    (no shield)
rNeg    . . .      Spirit   .    a - +0 robe
rPois   .          Reflect  .    (helmet currently unavailable)
rElec   .          Rampage  .    s - +0 cloak {rCorr}
rCorr   +                        (no gloves)
Will    .....                    (boots currently unavailable)
Stlth   +                        (no amulet)
HPRegen 0.26/turn                (no ring)
MPRegen 0.11/turn                (no ring)

@: lethally poisoned (-8 -> -12), appendages, wereblooded
A: horns 2, (nimble swimmer 2), mertail
a: End Transformation


You were on level 3 of the Dungeon.
You had temporarily grown beastly horns.
You visited 1 branch of the dungeon, and saw 3 of its levels.

You collected 120 gold pieces.

Inventory:

Armour
 a - a +0 robe (worn)
 s - a +0 cloak of preservation (worn)
Wands
 r - a wand of paralysis (4)
Scrolls
 c - a scroll of torment {unknown}
 d - 3 scrolls of poison {unknown}
 e - a scroll of fog {unknown}
 f - a scroll of fear {unknown}
 g - a scroll of amnesia {unknown}
 h - 2 scrolls of teleportation {unknown}
 i - 2 scrolls of brand weapon {unknown}
 l - 3 scrolls of identify {unknown}
 m - a scroll of enchant armour {unknown}
Potions
 b - a potion of lignification
 j - 2 potions of curing {unknown}
 k - a potion of flight {unknown}
 n - 2 potions of degeneration {unknown}
 o - 2 potions of ambrosia {unknown}
 p - a potion of brilliance {unknown}
 q - a potion of might {unknown}
 t - a potion of berserk rage {unknown}


   Skills:
 + Level 2.7 Fighting
 + Level 4.2 Dodging
 + Level 4.2 Unarmed Combat
 + Level 2.9 Spellcasting
 + Level 4.2 Transmutations


You had 6 spell levels left.
You knew the following spells:

 Your Spells              Type           Power      Damage    Failure   Level
a - Beastly Appendage     Tmut           22%        N/A       4%          1
b - Wereblood             Tmut           11%        N/A       7%          2

Your spell library contained the following spells:

 Spells                   Type           Power      Damage    Failure   Level
 Spider Form              Tmut/Pois      6%         N/A       30%         3
 Ignite Poison            Fire/Tmut/Pois 5%         N/A       38%         3
 Ice Form                 Ice/Tmut       6%         N/A       71%         4
 Animate Dead             Necr           1%         N/A       94%         4
 Sticky Flame             Conj/Fire      1%         2d3       94%         4
 Borgnjor's Vile Clutch   Necr/Erth      0%         N/A       100%        5
 Death Channel            Necr           0%         N/A       100%        6
 Ignition                 Fire           0%         3d3       100%        8


Dungeon Overview and Level Annotations

Branches:
Dungeon (3/15)

Altars:

Annotations:
D:3 Crazy Yiuf


Innate Abilities, Weirdness & Mutations

You have temporarily grown beastly horns.
((You are very nimble when in or above water. (Stealth+, EV+, Speed+++)))
Your lower body shifts to a powerful aquatic tail in water.


Message History

Casting: Beastly Appendage (safe; 4% risk of failure)
Confirm with . or Enter, or press ? or * to list all spells.
You miscast Beastly Appendage.
You are very lightly contaminated with residual magic.
Nothing appears to happen.
Casting: Beastly Appendage (safe; 4% risk of failure)
Confirm with . or Enter, or press ? or * to list all spells.
Okay, then.
Casting: Beastly Appendage (safe; 4% risk of failure)
Confirm with . or Enter, or press ? or * to list all spells.
You grow a pair of large bovine horns.
Crazy Yiuf grits, "Fire sow Hive!"
Casting: Beastly Appendage (safe; 4% risk of failure)
Confirm with . or Enter, or press ? or * to list all spells.
Your blood is infused with primal strength.
You open the door.
Crazy Yiuf zaps a wand.
The puff of flame hits you!
Crazy Yiuf hits you with a +3 quarterstaff of chaos.
You are poisoned.
There is an open translucent door here.
You hit Crazy Yiuf but do no damage.
You feel very sick. Crazy Yiuf closely misses you.
You hit Crazy Yiuf. You punch Crazy Yiuf.
Crazy Yiuf is moderately wounded.
You feel sick. Crazy Yiuf closely misses you.
Your magical contamination has completely faded away.
You closely miss Crazy Yiuf.
Crazy Yiuf is moderately wounded.
You feel sick.
Crazy Yiuf zaps a wand.
The puff of flame hits you!
You closely miss Crazy Yiuf. You headbutt Crazy Yiuf.
Crazy Yiuf is heavily wounded.
You feel sick.
Crazy Yiuf zaps a wand.
The puff of flame hits you!
* * * LOW HITPOINT WARNING * * *
You closely miss Crazy Yiuf.
Crazy Yiuf is heavily wounded.
* * * LOW HITPOINT WARNING * * *
You feel sick.
Crazy Yiuf glowers.
Crazy Yiuf hits you with a +3 quarterstaff of chaos!
You die...

.#.........###########.##
.########.## #.....# ##
#.# #.##..# ### #####.#
#.# ###♣♣♣♣♣ #.# #
##.#..♣.♣♣♣ #### #.### ##
##......♣..♣#...# #...#
.####......♣♣♣♣.@g..#
###.# ....'...#.♣♣
♣♣#..)# #...# .####..##♣♣
#### ###.# ## ##.# ###.#
# ### #...# ### ######.#
#'# #......# #.# ##.#####
#.##### #.#


You could see Crazy Yiuf.

Vanquished Creatures
  Ijyb (D:3)
  Natasha (thrice) (D:2)
  Robin (D:2)
  3 adders (D:2)
  2 worms (D:3)
  2 dart slugs
  4 ball pythons
  3 bats
  4 endoplasms
  3 giant cockroaches
  10 goblins
  9 hobgoblins
  A quokka (D:2)
  3 kobolds
  7 rats
56 creatures vanquished.

Notes
Turn   | Place    | Note
-------+----------+-------------------------------------------
     0 | D:1      | BubbleThief the Merfolk Transmuter began the quest for the
                  | Orb.
     0 | D:1      | Reached XP level 1. HP: 15/15 MP: 3/3
   504 | D:1      | Reached XP level 2. HP: 21/21 MP: 3/5
   569 | D:1      | Found a faded altar of an unknown god.
  1197 | D:2      | Noticed Natasha
  1214 | D:2      | Reached XP level 3. HP: 17/27 MP: 3/6
  1220 | D:2      | Killed Natasha
  1225 | D:2      | Learned a level 2 spell: Wereblood
  1452 | D:2      | Noticed Natasha
  1462 | D:2      | Killed Natasha
  1463 | D:2      | Reached XP level 4. HP: 9/33 MP: 3/7
  1469 | D:2      | Noticed Natasha
  1575 | D:2      | Killed Natasha
  1725 | D:2      | Noticed Robin
  1733 | D:2      | Reached XP level 5. HP: 33/39 MP: 3/9
  1742 | D:2      | Killed Robin
  2293 | D:3      | Noticed Ijyb
  2303 | D:3      | Killed Ijyb
  3072 | D:3      | Found a runed translucent door.
  3073 | D:3      | Noticed Crazy Yiuf
  3281 | D:3      | Mangled by Crazy Yiuf

Illustrated notes

Levels and vault maps discovered:
D:1:      evilmike_arrival_fibonacci_small, layout_basic, serial_forest,
          infiniplex_forest_corner_2, infiniplex_forest_straight_2,
          infiniplex_forest_lined_corner, infiniplex_forest_straight_1,
          infiniplex_forest_corner_1, hellmonk_ecumenical_altar_defaced_shrine
D:2:      layout_basic, chequers_jeans, kennysheep_generic_room_12,
          uniq_natasha, uniq_robin
D:3:      layout_loops_corners, uniq_crazy_yiuf_cottage, uniq_ijyb

Skill      XL: |  1  2  3  4  5 |
---------------+----------------+-----
Dodging        | 3 4 |  4.2
Transmutations | 3 4 |  4.2
Fighting       | 2 |  2.7
Unarmed Combat | 4 |  4.2
Spellcasting   | |  2.9

Action                     |  1- 3 |  4- 6 || total
---------------------------+-------+-------++-------
  Melee: Unarmed           |    64 |    92 ||   156
         Headbutt          |    10 |    14 ||    24
         Punch             |     5 |     2 ||     7
   Cast: Beastly Appendage |    17 |    17 ||    34
         Wereblood         |       |     3 ||     3
   Stab: Sleeping          |     2 |     1 ||     3
 Armour: Robe              |     9 |    21 ||    30
  Dodge: Dodged            |    43 |    55 ||    98

Table legend: (Time is in decaauts)
 A = Elapsed time spent in this place.
 B = Non-inter-level travel time spent in this place.
 C = Inter-level travel time spent in this place.
 D = Time resting spent in this place.
 E = Time spent auto-exploring this place.
 F = Levels seen in this place.
 G = Mean time per level.
                   A        B        C        D        E       F      G
               +--------+--------+--------+--------+--------+-----+--------+
         Total |   3270 |   3237 |     33 |     79 |   2766 |   3 | 1090.0 |
       Dungeon |   3270 |   3237 |     33 |     79 |   2766 |   3 | 1090.0 |
               +--------+--------+--------+--------+--------+-----+--------+

Top non-repeatable levels by time:
     D:1: 1193 daAuts
     D:2: 1085 daAuts
     D:3: 992 daAuts
